 Dungeon Crawl Stone Soup version 0.19-a0-713-g934ebc7 (webtiles) character file.

1752 ololoev the Nimble (level 8, -3/40 HPs)
             Began as a Spriggan Gladiator on June 20, 2016.
             Was an Initiate of Gozag.
             Slain by a spriggan baker
             ... wielding a +0 dagger
              (12 damage)
             ... on level 7 of the Dungeon.
             The game lasted 00:16:07 (7572 turns).

ololoev the Nimble (Spriggan Gladiator)             Turns: 7572, Time: 00:16:09

Health: -3/40      AC:  2    Str: 13    XL:     8   Next: 78%
Magic:  17/17      EV: 24    Int: 10    God:    Gozag
Gold:   142        SH:  0    Dex: 16    Spells: 2 memorised, 15 levels left

rFire  . . .     SeeInvis +     a - +0 quarterstaff
rCold  + . .     Gourm    .     v - +0 robe {MR+}
rNeg   . . .     Faith    .     (shield currently unavailable)
rPois  +         Spirit   .     c - +0 hat
rElec  .         Dismiss  .     (no cloak)
rCorr  .         Reflect  .     (gloves unavailable)
SustAt .         Harm     .     (boots unavailable)
MR     ++...                    (no amulet)
Stlth  +.........               F - ring of poison resistance
                                w - ring of protection from cold

@: very quick, very resistant to hostile enchantments, very unstealthy
A: unfitting armour, see invisible, herbivore 3, speed 3, slow metabolism 2
a: Potion Petition, Call Merchant, Bribe Branch, Renounce Religion


Innate Abilities, Weirdness & Mutations

You are tiny and cannot use many weapons and most armour.
You have supernaturally acute eyesight. (SInv)
You are a herbivore.
You cover ground extremely quickly.
You need consume almost no food.

Inventory:

Hand Weapons
 a - a +0 quarterstaff (weapon)
Armour
 c - a +0 hat (worn)
 v - a +0 robe of magic resistance (worn)
Jewellery
 w - a ring of protection from cold (left hand)
 F - a ring of poison resistance (right hand)
Wands
 x - a wand of digging (13/24)
Scrolls
 b - 2 scrolls of immolation {unknown}
 g - 3 scrolls of magic mapping
 i - 4 scrolls of enchant armour {unknown}
 j - 2 scrolls of fog {unknown}
 l - 4 scrolls of remove curse
 m - a scroll of random uselessness {unknown}
 n - 4 scrolls of teleportation
 r - a scroll of fear {unknown}
 t - a scroll of holy word {unknown}
 u - 4 scrolls of amnesia {unknown}
 y - 2 scrolls of recharging {unknown}
 C - a scroll of silence {unknown}
Potions
 d - a potion of mutation {unknown}
 e - 3 potions of flight
 k - a potion of haste
 o - a potion of degeneration {unknown}
 p - a potion of might
 q - a potion of curing {unknown}
 s - a potion of agility
 z - a potion of resistance {unknown}
 A - a potion of lignification {unknown}
 D - a potion of magic {unknown}
 E - a potion of cure mutation {unknown}
Comestibles
 f - a bread ration
 h - 9 fruits


   Skills:
 + Level 3.1 Fighting
 * Level 6.0 Staves
 - Level 2.0 Throwing
 + Level 8.8 Dodging
 + Level 5.5 Spellcasting
   Level 2.9 Necromancy


You had 15 spell levels left.
You knew the following spells:

 Your Spells              Type           Power        Failure   Level  Hunger
b - Apportation           Tloc           #.........   24%         1    None
c - Blink                 Tloc           N/A          38%         2    ##.....


You were on level 7 of the Dungeon.
You worshipped Gozag.
Gozag was noncommittal.
You were not hungry.

You visited 2 branches of the dungeon, and saw 8 of its levels.

You collected 699 gold pieces.
You spent 449 gold pieces at shops.
You paid 108 gold pieces to Gozag.

..###.###.###.###.###.###..#
.#.#.#.#.#.#.#.#.#.#.#.#.#.#
..#.#.#.#.#.#.#.#.#.#.#.#..#
.#########################.#
.# #.# .####### ##### ###.#
>......# ##...### #.#.#
......#####......# ##...#
........##..####@# ##..###
.#....#.#...# #i.#####...##
........'...# ##.#'.......#
.#....#.#...# %%#####...##
.##.#.#.##..###### ##..#
.##.#.#.###.....# ##(#
........# ##...## #(#
........# ##'## #.#
.##.###.# #)# #.#

Notes
Turn   | Place    | Note
--------------------------------------------------------------
     0 | D:1      | ololoev the Spriggan Gladiator began the quest for the Orb.
     0 | D:1      | Reached XP level 1. HP: 10/10 MP: 2/2
   354 | D:1      | Reached XP level 2. HP: 14/14 MP: 3/3
   480 | D:1      | Reached skill level 5 in Dodging
  1190 | D:3      | Reached XP level 3. HP: 18/18 MP: 4/4
  1360 | D:3      | Learned a level 2 spell: Corpse Rot
  1550 | D:3      | Found a deep blue altar of Sif Muna.
  1551 | D:3      | Noticed a giant frog
  1891 | D:3      | Killed a giant frog
  1891 | D:3      | Reached skill level 1 in Spellcasting
  1891 | D:3      | Reached skill level 1 in Necromancy
  1891 | D:3      | Reached XP level 4. HP: 22/22 MP: 4/7
  2064 | D:4      | Noticed an ogre
  2066 | D:4      | Killed an ogre
  2066 | D:4      | Reached XP level 5. HP: 25/25 MP: 7/9
  2230 | D:4      | Reached skill level 6 in Dodging
  2393 | D:4      | Reached XP level 6. HP: 29/30 MP: 10/10
  2772 | D:4      | Found a hide-covered altar of Uskayaw.
  2774 | D:4      | Found a snail-covered altar of Cheibriados.
  3104 | D:5      | Entered Level 5 of the Dungeon
  3709 | D:5      | Found a staircase to the Ecumenical Temple.
  3718 | Temple   | Entered the Ecumenical Temple
  3801 | Temple   | Became a worshipper of Gozag Ym Sagoz the Greedy
  3853 | D:5      | Found Daiv's Antique Armour Shoppe.
  3859 | D:5      | Bought an embroidered robe for 18 gold pieces
  3879 | D:5      | Found Wanlu's Book Emporium.
  4145 | D:5      | Found Fadig's Assorted Antiques.
  4501 | D:5      | Bought a scroll labeled EFACZELAEN for 16 gold pieces
  4501 | D:5      | Bought a jade ring for 80 gold pieces
  4501 | D:5      | Bought a scroll labeled EFACZELAEN for 16 gold pieces
  4501 | D:5      | Bought a scroll labeled HAUNLO XEARE for 16 gold pieces
  4507 | D:5      | Learned a level 1 spell: Apportation
  4510 | D:5      | Learned a level 2 spell: Blink
  4527 | D:5      | Noticed Sigmund
  4558 | D:5      | Killed Sigmund
  4558 | D:5      | Reached skill level 7 in Dodging
  4558 | D:5      | Reached XP level 7. HP: 33/33 MP: 13/13
  4733 | D:5      | Found Kaetoepn's Assorted Antiques.
  4739 | D:5      | Bought a bubbling yellow potion for 23 gold pieces
  4739 | D:5      | Bought a black potion for 23 gold pieces
  4739 | D:5      | Bought a scroll labeled GUSIHI FALONED for 26 gold pieces
  5834 | D:6      | Reached skill level 5 in Staves
  6098 | D:6      | Reached XP level 8. HP: 37/39 MP: 15/15
  6252 | D:6      | Reached skill level 8 in Dodging
  6712 | D:7      | Found Fom Esim's General Store.
  6733 | D:7      | Bought a scroll of noise for 11 gold pieces
  6733 | D:7      | Bought an uncursed ring of poison resistance for 220 gold pieces
  6859 | D:7      | Noticed Pikel
  6878 | D:7      | jacquesderrida: oolala
  6878 | D:7      | ololoev: yo JD
  6888 | D:7      | jacquesderrida: YO LLV
  6899 | D:7      | jacquesderrida: Ejjjjjjjjj
  7275 | D:7      | Killed Pikel
  7275 | D:7      | Reached skill level 5 in Spellcasting
  7572 | D:7      | Slain by a spriggan baker

Dungeon Overview and Level Annotations

Branches:
Dungeon (7/15)             Temple (1/1) D:5

Altars:
Ashenzari
Cheibriados
Dithmenos
Elyvilon
Fedhas
Gozag
Kikubaaqudgha
Makhleb
Nemelex Xobeh
Pakellas
Ru
Sif Muna
Trog
Uskayaw
Vehumet
Yredelemnul
Zin
The Shining One

Shops:
D:5 [:**   D:7 *


Message History

You kill Pikel!
Your Fighting skill increases to level 3!
Your Staves skill increases to level 6!
Your Spellcasting skill increases to level 5!
With Pikel's spell broken, the former slaves thank you for their freedom.
You now have 142 gold pieces (gained 3).
Things that are here:
a whip of freezing; a robe You start resting.
Magic restored.
You start resting.
HP restored.
You start waiting.
Done waiting.
There is an open door here.
You open the door.
A spriggan baker comes into view. It is wielding a dagger.
Found 2 bread rations.
There is an open door here.
The helpless spriggan baker fails to defend itself.
You sock the spriggan baker!
The spriggan baker is moderately wounded.
The spriggan baker hits you with a dagger.
You miss the spriggan baker.
The spriggan baker is moderately wounded.
The spriggan baker closely misses you.
You barely miss the spriggan baker.
The spriggan baker is moderately wounded.
The spriggan baker hits you but does no damage.
You hit the spriggan baker.
The spriggan baker is moderately wounded.
The spriggan baker completely misses you.
You hit the spriggan baker.
The spriggan baker is heavily wounded.
The spriggan baker barely misses you.
You hit the spriggan baker.
The spriggan baker is heavily wounded.
The spriggan baker hits you with a dagger.
You barely miss the spriggan baker.
The spriggan baker is heavily wounded.
The spriggan baker misses you.
You sock the spriggan baker!
The spriggan baker is almost dead.
The spriggan baker hits you with a dagger!
You are too injured to fight recklessly!
You are too injured to fight recklessly!
You are too injured to fight recklessly!
You are too injured to fight recklessly!
You are too injured to fight recklessly!
You are too injured to fight recklessly!
You are too injured to fight recklessly!
You are too injured to fight recklessly!
You are too injured to fight recklessly!
You are too injured to fight recklessly!
You are too injured to fight recklessly!
You are too injured to fight recklessly!
You are too injured to fight recklessly!
You are too injured to fight recklessly!
You are too injured to fight recklessly!
You are too injured to fight recklessly!
You are too injured to fight recklessly!
You are too injured to fight recklessly!
You are too injured to fight recklessly!
You are too injured to fight recklessly!
You are too injured to fight recklessly!
You are too injured to fight recklessly!
You miss the spriggan baker.
The spriggan baker is almost dead.
The spriggan baker hits you with a dagger!
You closely miss the spriggan baker.
The spriggan baker is almost dead.
The spriggan baker barely misses you.
You hit the spriggan baker.
The spriggan baker is almost dead.
The spriggan baker misses you.
You closely miss the spriggan baker.
The spriggan baker is almost dead.
The spriggan baker hits you with a dagger!
You die...
Your body crumbles into a pile of gold.

You could see a spriggan baker.

Vanquished Creatures
  Pikel (D:7)
  Sigmund (D:5)
  A slave (D:7)
  An ogre (D:4)
  2 centaurs
  A big kobold (D:7)
  3 giant frogs
  A howler monkey (D:5)
  A crimson imp (D:6)
  3 orc priests
  A giant frog skeleton (D:5)
  4 iguanas
  2 orc wizards (D:6)
  4 worker ants
  A hound skeleton (D:4)
  3 adders
  A shadow imp (D:6)
  An ooze (D:5)
  2 worms
  A dart slug (D:1)
  4 giant geckos
  10 orcs
  7 ball pythons
  5 bats
  6 giant cockroaches
  8 goblins
  7 hobgoblins
  13 jackals
  8 kobolds
  2 quokkas
  A giant cockroach zombie (D:6)
  A giant gecko skeleton (D:5)
  5 giant newts
  A jackal skeleton (D:5)
  A quokka skeleton (D:5)
  A quokka zombie (D:4)
  4 rats
119 creatures vanquished.

Vanquished Creatures (others)
  A slave (D:7)
1 creature vanquished.

Grand Total: 120 creatures vanquished

Action                   |  1- 3 |  4- 6 |  7- 9 || total
-------------------------+-------+-------+-------++-------
Melee: Quarterstaff      |   104 |   163 |   220 ||   487
Throw: Throwing net      |       |     7 |       ||     7
Evoke: Wand              |       |     5 |       ||     5
  Use: Scroll            |       |       |     8 ||     8
       Potion            |       |       |     5 ||     5
 Stab: Sleeping          |     3 |     5 |     4 ||    12
       Held in net/web   |       |     5 |       ||     5
  Eat: Fruit             |       |     1 |       ||     1
       Bread ration      |       |       |     1 ||     1
Armor: Robe              |     5 |    13 |    14 ||    32
Dodge: Dodged            |   106 |   139 |   183 ||   428

Vault maps used:
D:1:      dpeg_arrival_round_a, columned_hall_lemuel, minmay_door_square
D:2:      first_bread
D:3:      lemuel_crystal_altar, minmay_shallow_snake_nest
D:4:      kennysheep_six_static_rooms, nicolae_overflow_hidden_temple
D:5:      minmay_temple_entry_purple_smoke, serial_shops, nicolae_shop_crystal,
          shop, shop, nicolae_shop_competitors_out_of_business, uniq_sigmund
D:7:      kennysheep_little_box, serial_shops, shop,
          nicolae_shop_temple_entry_statues_fountains, shop, the_bakery,
          roderic_roman_lattice, grunt_ministairs_1, uniq_pikel
Temple:   kilobyte_greek_temple_18
